 Dungeon Crawl Stone Soup version 0.17-a0-2055-gb4e23be (webtiles) character file.

121 MDvedh the Chiller (level 4, -6/33 HPs)
             Began as a Demigod Ice Elementalist on Oct 11, 2015.
             Mangled by an iron imp (8 damage)
             ... summoned by Natasha
             ... on level 3 of the Dungeon.
             The game lasted 00:05:20 (2648 turns).

MDvedh the Chiller (Demigod Ice Elementalist)       Turns: 2648, Time: 00:05:21

Health: -6/33      AC:  5    Str: 11    XL:     4   Next: 48%
Magic:  7/11       EV: 12    Int: 21    God:
Gold:   49         SH:  0    Dex: 16    Spells: 3 memorised, 0 levels left

rFire  . . .     SeeInvis .     o - +0 mace
rCold  . . .     Clarity  .     a - +0 robe
rNeg   . . .     SustAt   +     (no shield)
rPois  .         Gourm    .     (no helmet)
rElec  .         Spirit   .     i - +2 cloak
rCorr  .         Warding  .     (no gloves)
rMut   .         Stasis   .     (no boots)
MR     .....                    (no amulet)
Stlth  ++........               (no ring)
                                (no ring)

@: not resistant to hostile enchantments, unstealthy
A: high mp 1, sustain attributes
a: no special abilities


You were on level 3 of the Dungeon.
You were hungry.

You visited 1 branch of the dungeon, and saw 3 of its levels.

You collected 49 gold pieces.

Inventory:

Hand Weapons
 o - a +0 mace (weapon)
Armour
 a - a +0 robe (worn)
 i - a +2 cloak (worn)
Scrolls
 d - a scroll of immolation {unknown}
 e - a scroll of enchant weapon {unknown}
 g - 2 scrolls of teleportation {unknown}
 l - 2 scrolls of remove curse {unknown}
 m - a scroll of fear {unknown}
 s - a scroll of identify {unknown}
 t - a scroll of noise {unknown}
Potions
 h - a potion of curing {unknown}
 k - a potion of heal wounds {unknown}
 p - 2 potions of might {unknown}
 q - a potion of magic {unknown}
Books
 b - a book of Frost

   Spells                             Type                      Level
   a - Freeze                         Ice                          1
   b - Throw Frost                    Conjuration/Ice              2
   c - Ozocubu's Armour               Charms/Ice                   3
   d - Throw Icicle                   Conjuration/Ice              4
   e - Summon Ice Beast               Ice/Summoning                4
   f - Condensation Shield            Ice                          4
Comestibles
 c - a bread ration
 f - a slice of pizza
 j - a meat ration
 n - a beef jerky
 r - a chunk of flesh


   Skills:
 - Level 1.7 Dodging
 - Level 1.7 Stealth
 + Level 2.9 Spellcasting
   Level 0.8 Conjurations
 + Level 1.5 Charms
 + Level 3.9 Ice Magic


You couldn't memorise any spells.
You knew the following spells:

 Your Spells              Type           Power        Failure   Level  Hunger
a - Freeze                Ice            ###.         2%          1    None
b - Ozocubu's Armour      Chrm/Ice       ##......     17%         3    ###....
c - Summon Ice Beast      Ice/Summ       ##......     67%         4    ####...


Dungeon Overview and Level Annotations

Branches:
Dungeon (3/15)

Annotations:
D:3 Natasha


Innate Abilities, Weirdness & Mutations

You have an increased reservoir of magic (+10% MP).
Your attributes are resistant to harm.


Message History

Aiming: Freeze
Press: ? - help, Shift-Dir - straight line, f/p - Natasha
Aim: Natasha (severely wounded)
You freeze Natasha.
Natasha is almost dead.
Natasha extends her claws.
Natasha zaps a wand.
The puff of frost hits you!
It is a wand of frost {zapped: 1}.
The iron imp hits you!
* * * LOW HITPOINT WARNING * * *
Casting: Freeze
Confirm with . or Enter, or press ? or * to list all spells.
Aiming: Freeze
Press: ? - help, Shift-Dir - straight line, f/p - Natasha
Aim: Natasha, carrying a wand of frost {zapped: 2} (almost dead)
You freeze Natasha.
Natasha is almost dead.
Natasha zaps a wand.
The puff of frost hits you!
* * * LOW HITPOINT WARNING * * *
The iron imp hits you!
You die...

........## .........#
.........# .........#
.........## ##########..# ###
#....(...##.## #..
#.#######.####...##..###.#
.........@h5.+...'........
######.#5####...###..†..#
#<...#.# #...#...†#...
#+######....#.# #...#........
.%.....'....+.######.+........
...#####....####.....#.......#
#..............#...##+##
#..............+...'....
#..............#...##.##


You could see an iron imp, Natasha and a crimson imp.

Vanquished Creatures
  Natasha (D:3)
  3 adders
  An ooze (D:2)
  3 giant geckos
  3 orcs (D:3)
  2 ball pythons
  4 giant cockroaches
  3 goblins
  6 hobgoblins
  6 jackals (D:1)
  7 kobolds
  6 bats
  A giant gecko skeleton (D:1)
  4 giant newts
  6 rats
56 creatures vanquished.

Notes
Turn   | Place    | Note
--------------------------------------------------------------
     0 | D:1      | MDvedh the Demigod Ice Elementalist began the quest for the Orb.
     0 | D:1      | Reached XP level 1. HP: 14/14 MP: 5/5
   122 | D:1      | Reached XP level 2. HP: 5/20 MP: 0/7
   143 | D:1      | Reached skill level 3 in Ice Magic
  1347 | D:2      | Found a sacrificial altar of Ru.
  1383 | D:2      | Reached XP level 3. HP: 26/26 MP: 6/9
  1429 | D:2      | Learned a level 3 spell: Ozocubu's Armour
  1493 | D:2      | Found a basalt altar of Yredelemnul.
  1497 | D:2      | Found a stormy altar of Qazlal.
  1502 | D:2      | Found a white marble altar of Elyvilon.
  1722 | D:2      | Reached skill level 1 in Charms
  2478 | D:3      | Reached XP level 4. HP: 31/33 MP: 7/10
  2491 | D:3      | Learned a level 4 spell: Summon Ice Beast
  2606 | D:3      | Noticed Natasha
  2617 | D:3      | Killed Natasha
  2641 | D:3      | Noticed Natasha
  2648 | D:3      | Mangled by an iron imp

Vault maps used:
D:1:      minmay_arrival_shattered_statue
D:2:      minmay_overflow_temple_star_quad, nicolae_ru_awakened_eye,
          nrook_mini_backslash
D:3:      first_bread, uniq_natasha

Action                   |  1- 3 |  4- 6 || total
-------------------------+-------+-------++-------
Melee: Whip              |    44 |       ||    44
       Mace              |    26 |     5 ||    31
 Cast: Freeze            |    56 |    10 ||    66
 Stab: Sleeping          |     6 |       ||     6
  Eat: Chunk             |     4 |     1 ||     5
